 Dungeon Crawl Stone Soup version 0.17.1-3-g152610e (webtiles) character file.

85 kaze the Cudgeler (level 4, -5/27 HPs)
             Began as a Gargoyle Gladiator on Mar 28, 2016.
             Slain by a wight
             ... wielding a +1 halberd
              (9 damage)
             ... on level 3 of the Dungeon.
             The game lasted 00:02:25 (1463 turns).

kaze the Cudgeler (Gargoyle Gladiator)              Turns: 1463, Time: 00:02:26

Health: -5/27      AC: 13    Str: 19    XL:     4   Next: 48%
Magic:  4/4        EV:  8    Int: 14    God:
Gold:   131        SH:  0    Dex: 10    Spells: 0 memorised, 3 levels left

rFire  . . .     SeeInvis .     b - +1 whip (venom)
rCold  . . .     Clarity  .     m - +0 chain mail
rNeg   + . .     SustAt   .     (no shield)
rPois  ∞         Gourm    .     c - +0 helmet
rElec  +         Spirit   .     (no cloak)
rCorr  .         Warding  .     (no gloves)
rMut   .         Stasis   .     (no boots)
MR     .....                    (no amulet)
Stlth  ..........               (no ring)
                                (no ring)

@: brilliant, not resistant to hostile enchantments, extremely unstealthy
A: negative energy resistance 1, electricity resistance, unbreathing,
petrification resistance, rot immunity, AC +3
a: no special abilities


You were on level 3 of the Dungeon.
You were not hungry.

You visited 1 branch of the dungeon, and saw 3 of its levels.

You collected 131 gold pieces.

Inventory:

Hand Weapons
 a - a +0 flail
 b - a +1 whip of venom (weapon)
Missiles
 d - 3 throwing nets (quivered)
Armour
 c - a +0 helmet (worn)
 m - a +0 chain mail (worn)
Scrolls
 k - a scroll of noise {unknown}
 l - a scroll of identify {unknown}
Potions
 h - a potion of degeneration {unknown}
 j - a potion of cure mutation {unknown}
 n - a potion of beneficial mutation {unknown}
Comestibles
 f - 5 chunks of flesh
 o - a slice of pizza


   Skills:
 + Level 2.6 Fighting
 + Level 3.5 Maces & Flails
 + Level 2.0 Throwing
 + Level 1.2 Armour
 + Level 3.3 Dodging


You had 3 spell levels left.
You didn't know any spells.

Dungeon Overview and Level Annotations

Branches:
Dungeon (3/15)

Altars:


Innate Abilities, Weirdness & Mutations

You are resistant to torment.
Your stone body is resilient (AC +3).
You are immune to poison.
You resist negative energy.
You are resistant to electric shocks.
You can survive without breathing.
You are immune to petrification.
You are immune to rotting.


Message History

The wight barely misses you.
Your chain mail prevents you from hitting the wight.
You barely miss the wight. The wight barely misses you.
The wight hits you but does no damage.
You hit the wight but do no damage.
The wight hits you from afar with an enchanted halberd.
The wight hits you with an enchanted mace.
You hit the wight but do no damage. The wight closely misses you.
The wight hits you with an enchanted mace.
You barely miss the wight.
The wight hits you with an enchanted mace.
The wight hits you from afar with an enchanted halberd!
* * * LOW HITPOINT WARNING * * *
Your chain mail prevents you from hitting the wight.
You hit the wight but do no damage. The wight hits you but does no damage.
The wight hits you but does no damage.
Your chain mail prevents you from hitting the wight.
The wight hits you but does no damage.
The wight hits you from afar with an enchanted halberd!
You die...

### #.. .. #.# #.#
#.# #.# #@# #.#
#z######.# #
#lz....#.######.#.
#.##..............
#.##.#........#
#..#.###.##<#....#
##...###.##÷# .#.#
#>....##.##.# ..
#...#.)..#... ##


You could see 2 wights and a giant newt.

Vanquished Creatures
  A hound (D:3)
  2 adders (D:2)
  2 worms (D:2)
  A giant gecko (D:3)
  An orc (D:3)
  2 bats
  2 giant cockroaches
  2 goblins (D:1)
  5 hobgoblins
  4 jackals (D:1)
  4 kobolds
  3 rats
29 creatures vanquished.

Notes
Turn   | Place    | Note
--------------------------------------------------------------
     0 | D:1      | kaze the Gargoyle Gladiator began the quest for the Orb.
     0 | D:1      | Reached XP level 1. HP: 12/12 MP: 1/1
   220 | D:1      | Reached XP level 2. HP: 17/17 MP: 2/2
   737 | D:2      | Reached XP level 3. HP: 21/21 MP: 3/3
  1428 | D:3      | Reached skill level 1 in Armour
  1428 | D:3      | Reached XP level 4. HP: 17/27 MP: 4/4
  1463 | D:3      | Slain by a wight

Action                   |  1- 3 |  4- 6 || total
-------------------------+-------+-------++-------
Melee: Flail             |    16 |       ||    16
       Whip              |    77 |    13 ||    90
  Use: Potion            |       |     2 ||     2
  Eat: Bread ration      |     1 |       ||     1
